 Dungeon Crawl Stone Soup version 0.20-a0-16-g0876c8e (webtiles) character file.

4 KristoblXynda the Charlatan (level 1, 0/9 HPs)
             Began as a Spriggan Artificer on Nov 3, 2016.
             Slain by a hobgoblin (3 damage)
             ... on level 1 of the Dungeon.
             The game lasted 00:00:37 (178 turns).

KristoblXynda the Charlatan (Spriggan Artificer)     Turns: 178, Time: 00:00:38

Health: 0/9        AC:  2    Str:  8    XL:     1   Next: 58%
Magic:  4/4        EV: 18    Int: 12    God:
Gold:   0          SH:  0    Dex: 16    Spells: 0 memorised, 0 levels left

rFire  . . .     SeeInvis +     a - +0 short sword
rCold  . . .     Gourm    .     b - +0 robe
rNeg   . . .     Faith    .     (shield restricted)
rPois  .         Spirit   .     (helmet restricted)
rElec  .         Reflect  .     (no cloak)
rCorr  .         Harm     .     (gloves unavailable)
MR     .....                    (boots unavailable)
Stlth  ++........               (no amulet)
                                (no ring)
                                (no ring)

@: very quick
A: unfitting armour, see invisible, herbivore 3, speed 3, slow metabolism 2
a: no special abilities


You were on level 1 of the Dungeon.
You were not hungry.

You visited 1 branch of the dungeon, and saw 1 of its levels.

Inventory:

Hand Weapons
 a - a +0 short sword (weapon)
Armour
 b - a +0 robe (worn)
Wands
 c - a wand of flame (15/48)
 d - a wand of enslavement (15/24)
 e - a wand of random effects (15/48)
Scrolls
 g - a scroll of magic mapping {unknown}
Comestibles
 f - a bread ration


   Skills:
 + Level 0.8 Fighting
 - Level 1.1 Short Blades
 - Level 3.0 Dodging
 + Level 2.4 Stealth
 + Level 4.0 Evocations


You couldn't memorise any spells.
You didn't know any spells.

Dungeon Overview and Level Annotations

Branches:
Dungeon (1/15)

Altars:


Innate Abilities, Weirdness & Mutations

You are very small and have problems with some larger weapons.
You are too small for most types of armour.
You have supernaturally acute eyesight. (SInv)
You are a herbivore.
You cover ground extremely quickly.
You need consume almost no food.


Message History

The hobgoblin completely misses you.
You see here 3 stones.
You completely miss the hobgoblin. The hobgoblin barely misses you.
You barely miss the hobgoblin. The hobgoblin closely misses you.
The hobgoblin barely misses you.
You hit the hobgoblin but do no damage. The hobgoblin misses you.
You closely miss the hobgoblin. The hobgoblin closely misses you.
You hit the hobgoblin.
The hobgoblin is heavily wounded.
The hobgoblin misses you.
You barely miss the hobgoblin.
The hobgoblin is heavily wounded.
The hobgoblin closely misses you.
You closely miss the hobgoblin.
The hobgoblin is heavily wounded.
The hobgoblin hits you.
You closely miss the hobgoblin.
The hobgoblin is heavily wounded.
The hobgoblin hits you.
You die...

#. ## #. ... ####.
..)# ##...## #.$.#
..... ##....# #.#.#
.......
.%########†#.##.......
.......(.g@...........
#...........#..###!..#
##########.#.#.# #
#.#.#.# #?#.#.#######
#.#.#........
#...#.##.####
##..#.....# ####.## #


You could see a hobgoblin.

Vanquished Creatures
  A bat (D:1)
  A kobold (D:1)
  2 frilled lizards (D:1)
  A rat (D:1)
5 creatures vanquished.

Notes
Turn   | Place    | Note
-------+----------+-------------------------------------------
     0 | D:1      | KristoblXynda the Spriggan Artificer began the quest for the Orb.
     0 | D:1      | Reached XP level 1. HP: 9/9 MP: 4/4
     0 | D:1      | Noticed an iron dragon
     0 | D:1      | Noticed an orb of fire
     1 | D:1      | Noticed a black draconian
     1 | D:1      | Noticed an iron dragon
     3 | D:1      | Noticed an orb of fire
     5 | D:1      | Noticed a green draconian
    10 | D:1      | Noticed a tentacled monstrosity
    12 | D:1      | Noticed a shadow dragon
    12 | D:1      | Noticed an iron dragon
    14 | D:1      | Noticed an ice dragon
    14 | D:1      | Noticed a large abomination
    14 | D:1      | Noticed a golden dragon
    16 | D:1      | Noticed a large abomination
    16 | D:1      | Noticed a red draconian
    20 | D:1      | Noticed a large abomination
   178 | D:1      | Slain by a hobgoblin

Vault maps used:
D:1:      shiori_arrival_whats_in_store_for_you

Skill      XL: |  1 |
---------------+----+-----
Stealth        | 2 |  2.4
Fighting       | |  0.8
Short Blades   | |  1.1
Dodging        | |  3.0
Evocations     | |  4.0

Action                   || total
-------------------------++-------
Melee: Short sword       ||    22
 Stab: Sleeping          ||     2
Armor: Robe              ||     2
Dodge: Dodged            ||    13
